 Dungeon Crawl Stone Soup version 0.31-a0-819-gf6de2f5ab6 (webtiles) character file.

Game seed: 13037914378457823385

136 miscthings the Trooper (level 5, -3/47 HPs)
             Began as a Gnoll Wanderer on Sept 24, 2023.
             Slain by Jessica
             ... wielding a +7 club
              (6 damage)
             ... on level 3 of the Dungeon.
             The game lasted 00:04:58 (2164 turns).

miscthings the Trooper (Gnoll Wanderer)             Turns: 2164, Time: 00:04:59

Health: -3/47      AC:  6    Str: 11    XL:     5   Next: 19%
Magic:  0/9        EV: 12    Int: 13    God:
Gold:   192        SH:  0    Dex: 12    Spells: 7/10 levels left

rFire   + . .        q - +5 dagger (vamp)
rCold   . . .        (no shield)
rNeg    . . .        c - +0 robe
rPois   .            r - +1 helmet
rElec   .            g - +0 cloak
rCorr   .            m - +0 pair of gloves
SInv    .            (no boots)
Will    +....        (no amulet)
Stlth   ++           k - ring of protection from fire
HPRegen 0.27/turn    p - ring of willpower
MPRegen 0.11/turn

%: no passive effects
@: no status effects
A: fangs 1, strong nose, distributed training
a: no special abilities


You were on level 3 of the Dungeon.
You visited 1 branch of the dungeon, and saw 3 of its levels.

You collected 192 gold pieces.

Inventory:

Hand Weapons
 q - a +5 vampiric dagger (weapon)
Armour
 c - a +0 robe (worn)
 g - a +0 cloak (worn)
 m - a +0 pair of gloves (worn)
 r - a +1 helmet (worn)
Jewellery
 k - a ring of protection from fire (left hand)
 p - a ring of willpower (right hand)
Scrolls
 d - a scroll of vulnerability {unknown}
 e - 3 scrolls of identify {unknown}
 f - a scroll of torment {unknown}
 h - 3 scrolls of teleportation {unknown}
 j - a scroll of amnesia {unknown}
 o - a scroll of silence {unknown}
Potions
 a - a potion of resistance {unknown}
 b - a potion of brilliance
 i - a potion of lignification {unknown}
 l - 2 potions of curing {unknown}
 n - 2 potions of might {unknown}


   Skills:
 + Level 6.7 Fighting
 + Level 1.4 Short Blades
 + Level 4.7 Long Blades
 + Level 1.4 Axes
 + Level 1.4 Maces & Flails
 + Level 1.4 Polearms
 + Level 1.4 Staves
 + Level 1.4 Ranged Weapons
 + Level 1.4 Throwing
 + Level 1.4 Armour
 + Level 2.9 Dodging
 + Level 1.4 Stealth
 + Level 1.4 Shields
 + Level 1.4 Unarmed Combat
 + Level 3.1 Spellcasting
 + Level 1.1 Conjurations
 + Level 1.1 Hexes
 + Level 1.1 Summonings
 + Level 1.1 Necromancy
 + Level 1.1 Translocations
 + Level 3.9 Transmutations
 + Level 1.1 Fire Magic
 + Level 1.1 Ice Magic
 + Level 1.1 Air Magic
 + Level 1.1 Earth Magic
 + Level 1.1 Poison Magic
 + Level 3.0 Invocations
 + Level 1.4 Evocations
 + Level 1.3 Shapeshifting


You had 7 spell levels left.
You knew the following spells:

 Your Spells              Type           Power      Damage    Failure   Level
a - Sting                 Tmut/Pois      32%        1d4       8%          1
z - Ensorcelled Hibernat  Hex/Ice        10%        N/A       22%         2

Your spell library contained the following spells:

 Spells                   Type           Power      Damage    Failure   Level
 Passwall                 Tmut/Erth      6%         N/A       12%         2
 Ignite Poison            Fire/Tmut/Pois 7%         N/A       28%         3
 Swiftness                Air            5%         N/A       38%         3
 Summon Ice Beast         Ice/Summ       5%         N/A       80%         4
 Summon Mana Viper        Hex/Summ       5%         N/A       98%         5
 Simulacrum               Ice/Necr       2%         N/A       100%        6
 Monstrous Menagerie      Summ           2%         N/A       100%        7
 Ozocubu's Refrigeration  Ice            2%         4d8       100%        7
 Polar Vortex             Ice            2%         N/A       100%        9


Dungeon Overview and Level Annotations

Branches:
Dungeon (3/15)

Altars:
Fedhas

Annotations:
D:3 1 runed translucent door, Crazy Yiuf, Jessica


Innate Abilities, Weirdness & Mutations

You have very sharp teeth.
Your uncanny sense of smell can sniff out nearby items.
Your experience applies equally to all skills.


Message History

Jessica seems to speed up.
You hit Jessica.
You feel better.
Jessica is heavily wounded.
Jessica mumbles some strange words.
Jessica blinks!
Casting: Ensorcelled Hibernation (safe; 22% risk of failure)
Confirm with . or Enter, or press ? or * to list all spells.
You don't have enough magic to cast this spell.
Unknown command.
Jessica hits you but does no damage.
You barely miss Jessica.
Jessica is heavily wounded.
Jessica mumbles some strange words.
Jessica blinks!
Jessica hits you with a +7 club.
You barely miss Jessica.
Jessica is heavily wounded.
Jessica mumbles something strange.
Jessica hits you with a +7 club.
Your magical contamination has completely faded away.
You are too injured to fight recklessly!
Casting: Ensorcelled Hibernation (safe; 22% risk of failure)
Confirm with . or Enter, or press ? or * to list all spells.
Aiming: Sting (safe; 8% risk of failure)
Press: ? - help, Shift-Dir - straight line, f/p - Jessica
Aim: Jessica, wielding a +7 club and wearing a +0 robe (heavily wounded, fast, 68% to hit)
The sting hits Jessica.
Jessica is poisoned.
Jessica is almost dead.
Jessica casts a spell at you. You resist with some effort.
Jessica gestures wildly while chanting.
Jessica blinks!
Jessica gestures at you while chanting. Pain shoots through your body!
* * * LOW HITPOINT WARNING * * *
Jessica gestures at you while chanting. Pain shoots through your body!
* * * LOW HITPOINT WARNING * * *
Jessica hits you with a +7 club.
You die...

...#.#...#############
∆... ####.##.## #.#
...#.# #.# ∆ .. #.#.#
#.#.# #.#.##### #####
#....##.. ##@@.#
##........
##.##'#####.........
###..#~.~~##>.........
#....#~...'...........
#.#..+...~##....†..#..
#
#.##.#~~.~###......#..
.# # #####+##
##.#.####. .. #.#.#
#.#.# #. ~.... #.#.#
#.#.# #.


You could see Jessica (fast, poisoned).

Vanquished Creatures
  An orc priest (D:3)
  Robin (D:3)
  4 adders
  A dart slug (D:3)
  4 orcs (D:3)
  5 bats
  4 endoplasms
  6 hobgoblins
  3 quokkas
  6 ball pythons
  A frilled lizard (D:1)
  9 goblins
  4 kobolds
  4 rats (D:1)
53 creatures vanquished.

Notes
Turn   | Place    | Note
-------+----------+-------------------------------------------
     0 | D:1      | miscthings the Gnoll Wanderer began the quest for the Orb.
     0 | D:1      | miscthings set off with the following items: a +1 falchion,
                  | a potion of brilliance, a +0 robe; and the following spell
                  | memorised: Sting; and the following spells available to
                  | memorise: Passwall, Ignite Poison.
     0 | D:1      | Reached XP level 1. HP: 23/23 MP: 4/4
   116 | D:1      | Reached XP level 2. HP: 27/29 MP: 5/5
   392 | D:1      | Found a faded altar of an unknown god.
   794 | D:2      | Reached XP level 3. HP: 31/35 MP: 4/7
  1295 | D:2      | Reached skill level 1 in Short Blades
  1295 | D:2      | Reached skill level 1 in Axes
  1295 | D:2      | Reached skill level 1 in Maces & Flails
  1295 | D:2      | Reached skill level 1 in Polearms
  1295 | D:2      | Reached skill level 1 in Staves
  1295 | D:2      | Reached skill level 1 in Ranged Weapons
  1295 | D:2      | Reached skill level 1 in Throwing
  1295 | D:2      | Reached skill level 1 in Armour
  1295 | D:2      | Reached skill level 1 in Stealth
  1295 | D:2      | Reached skill level 1 in Shields
  1295 | D:2      | Reached skill level 1 in Unarmed Combat
  1295 | D:2      | Reached skill level 1 in Evocations
  1805 | D:3      | Reached skill level 1 in Shapeshifting
  1805 | D:3      | Reached XP level 4. HP: 41/41 MP: 3/8
  1826 | D:3      | Learned a level 2 spell: Ensorcelled Hibernation
  1833 | D:3      | Noticed Robin
  1892 | D:3      | Found a blossoming altar of Fedhas.
  1921 | D:3      | Killed Robin
  1922 | D:3      | Reached skill level 1 in Conjurations
  1922 | D:3      | Reached skill level 1 in Hexes
  1922 | D:3      | Reached skill level 1 in Summonings
  1922 | D:3      | Reached skill level 1 in Necromancy
  1922 | D:3      | Reached skill level 1 in Translocations
  1922 | D:3      | Reached skill level 1 in Fire Magic
  1922 | D:3      | Reached skill level 1 in Ice Magic
  1922 | D:3      | Reached skill level 1 in Air Magic
  1922 | D:3      | Reached skill level 1 in Earth Magic
  1922 | D:3      | Reached skill level 1 in Poison Magic
  1997 | D:3      | Reached XP level 5. HP: 19/47 MP: 1/9
  2099 | D:3      | Found a runed translucent door.
  2100 | D:3      | Noticed Crazy Yiuf
  2145 | D:3      | Noticed Jessica
  2164 | D:3      | Slain by Jessica

Illustrated notes

Levels and vault maps discovered:
D:1:      beargit_arrival_greenhouse, layout_basic,
          hellmonk_ecumenical_altar_prayer_group
D:2:      layout_basic
D:3:      layout_loops_ring, fedhas_ov_isle_minmay, serial_bayou_pond_c,
          kennysheep_generic_room_14, uniq_robin, uniq_jessica,
          uniq_crazy_yiuf_cottage

Skill      XL: |  1  2  3  4 |
---------------+-------------+-----
Short Blades   | 1 |  1.4
Axes           | 1 |  1.4
Maces & Flails | 1 |  1.4
Polearms       | 1 |  1.4
Staves         | 1 |  1.4
Ranged Weapons | 1 |  1.4
Throwing       | 1 |  1.4
Armour         | 1 |  1.4
Stealth        | 1 |  1.4
Shields        | 1 |  1.4
Unarmed Combat | 1 |  1.4
Evocations     | 1 |  1.4
Shapeshifting  | 1 |  1.3
Spellcasting   | 3 |  3.1
Conjurations   | 1 |  1.1
Hexes          | 1 |  1.1
Summonings     | 1 |  1.1
Necromancy     | 1 |  1.1
Translocations | 1 |  1.1
Fire Magic     | 1 |  1.1
Ice Magic      | 1 |  1.1
Air Magic      | 1 |  1.1
Earth Magic    | 1 |  1.1
Poison Magic   | 1 |  1.1
Invocations    | 3 |  3.0
Fighting       | |  6.7
Long Blades    | |  4.7
Dodging        | |  2.9
Transmutations | |  3.9

Action                     |  1- 3 |  4- 6 || total
---------------------------+-------+-------++-------
  Melee: Falchion          |    62 |    30 ||    92
         Bite              |     4 |     5 ||     9
         Punch             |     2 |     3 ||     5
         Dagger            |       |    29 ||    29
   Cast: Sting             |    25 |    18 ||    43
         Ensorcelled Hiber |       |     6 ||     6
   Stab: Sleeping          |     1 |     2 ||     3
 Armour: Robe              |    39 |    51 ||    90
  Dodge: Dodged            |    37 |    35 ||    72

Table legend: (Time is in decaauts)
 A = Elapsed time spent in this place.
 B = Non-inter-level travel time spent in this place.
 C = Inter-level travel time spent in this place.
 D = Time resting spent in this place.
 E = Time spent auto-exploring this place.
 F = Levels seen in this place.
 G = Mean time per level.
                   A        B        C        D        E       F      G
               +--------+--------+--------+--------+--------+-----+--------+
         Total |   2170 |   2079 |     91 |      0 |   1564 |   3 |  723.3 |
       Dungeon |   2170 |   2079 |     91 |      0 |   1564 |   3 |  723.3 |
               +--------+--------+--------+--------+--------+-----+--------+

Top non-repeatable levels by time:
     D:2: 961 daAuts
     D:1: 758 daAuts
     D:3: 451 daAuts
